 Dungeon Crawl Stone Soup version 0.19-a0-1019-g9c6a58d (console) character file.

20 Yanussar the Digger (level 2, 5/22 HPs)
             Began as a Deep Dwarf Earth Elementalist on July 25, 2016.
             Got out of the dungeon alive.
             The game lasted 00:02:30 (775 turns).

Yanussar the Digger (Deep Dwarf Earth Elementalist)  Turns: 775, Time: 00:02:31

Health: 5/22       AC:  3    Str: 11    XL:     2   Next: 58%
Magic:  5/5        EV: 12    Int: 15    God:
Gold:   46         SH:  0    Dex: 13    Spells: 1 memorised, 4 levels left

rFire  . . .     SeeInvis .     (no weapon)
rCold  . . .     Gourm    .     c - +0 robe
rNeg   . . .     Faith    .     (no shield)
rPois  .         Spirit   .     (no helmet)
rElec  .         Dismiss  .     j - +0 cloak
rCorr  .         Reflect  .     (no gloves)
SustAt .         Harm     .     (no boots)
MR     .....                    (no amulet)
Stlth  ++........               (no ring)
                                (no ring)

@: non-regenerating, not resistant to hostile enchantments, unstealthy
A: damage resistance, recharge devices, sense surroundings 1, slow regeneration
3
a: Device Recharging


You escaped.
You were not hungry.

You visited 1 branch of the dungeon, and saw 1 of its levels.

You collected 46 gold pieces.

Inventory:

Missiles
 b - 24 stones (quivered)
Armour
 c - a +0 robe (worn)
 j - a +0 cloak (worn)
Jewellery
 i - an uncursed ring of stealth {unknown}
Wands
 d - a wand of heal wounds (4/9)
Scrolls
 a - a scroll of identify {unknown}
Potions
 h - a potion of cure mutation {unknown}
Books
 e - a book of Geomancy

   Spells                             Type                      Level
   a - Sandblast                      Earth                        1
   b - Passwall                       Transmutation/Earth          2
   c - Stone Arrow                    Conjuration/Earth            3
   d - Petrify                        Transmutation/Earth          4
   e - Lee's Rapid Deconstruction     Earth                        5
Comestibles
 f - a bread ration
 g - a chunk of flesh
 k - a beef jerky


   Skills:
 * Level 2.3 Dodging
 + Level 2.8 Stealth
 * Level 2.1 Spellcasting
   Level 0.8 Transmutations
 * Level 4.5 Earth Magic
 * Level 0.3 Evocations


You had 4 spell levels left.
You knew the following spells:

 Your Spells              Type           Power        Failure   Level  Hunger
a - Sandblast             Erth           ###...       3%          1    #......


Dungeon Overview and Level Annotations

Branches:
Dungeon (1/15)

Altars:


Innate Abilities, Weirdness & Mutations

You are resistant to damage.
You can recharge devices by infusing magical energy.
You passively map a small area around you.
You do not regenerate naturally.


Message History

The bat completely misses you. The bat barely misses you.
The giant newt barely misses you. The bat hits you. The bat barely misses you.
The bat completely misses you. The bat barely misses you. x2
The bat closely misses you.
The ball python bites you but does no damage.
The ball python grabs you. The ball python constricts you.
You escape the ball python's grasp.
The bat barely misses you. The bat hits you but does no damage.
The bat closely misses you. The bat closely misses you. The bat misses you.
The bat hits you but does no damage.
There is a staircase leading out of the dungeon here.
Are you sure you want to leave the Dungeon?
This will make you lose the game! The bat barely misses you.
The giant newt bites you but does no damage.
You have escaped!

####################
#>..........%........≈≈#
#.(............≈≈≈≈≈≈≈≈#
#.(....≈≈≈≈≈≈≈≈≈≈≈≈≈≈≈.#
#.≈≈≈≈≈≈≈≈≈≈≈≈≈≈≈≈......
#≈≈≈≈≈≈≈≈≈≈≈≈≈≈≈........
#≈≈≈≈≈≈...b.............
#≈≈≈≈...l...w...≈≈≈≈...#
#≈≈...@Sl.g...≈≈≈≈≈≈≈≈#
####.......≈≈≈≈..≈≈≈≈≈#
####≈≈≈≈≈≈≈........#
≈≈≈≈≈≈≈≈...........
########...........
*#.....###........
....#. #.####### ..# #.*
#.# *. ,#. #.# * #. #.#
* ** #., .>.


You could see a dart slug, a hobgoblin, a bat, a ball python and 2 giant newts.

Vanquished Creatures
  An ooze (D:1)
  A giant gecko (D:1)
  2 goblins (D:1)
  3 hobgoblins (D:1)
  3 bats (D:1)
  A giant newt (D:1)
  3 kobolds (D:1)
  3 rats (D:1)
17 creatures vanquished.

Notes
Turn   | Place    | Note
-------+----------+-------------------------------------------
     0 | D:1      | Yanussar the Deep Dwarf Earth Elementalist began the quest for the Orb.
     0 | D:1      | Reached XP level 1. HP: 15/15 MP: 3/3
   276 | D:1      | Reached XP level 2. HP: 16/22 MP: 0/5
   775 | D:$      | Got out of the dungeon alive.

Vault maps used:
D:1:      dpeg_arrival_chase

Skill      XL: |  1 |
---------------+----+-----
Spellcasting   | 2 |  2.1
Dodging        | |  2.3
Stealth        | |  2.8
Transmutations | |  0.8
Earth Magic    | |  4.5
Evocations     | |  0.3

Action                   || total
-------------------------++-------
Melee: Unarmed           ||    12
 Cast: Sandblast         ||    32
Evoke: Wand              ||     1
Armor: Robe              ||    46
Dodge: Dodged            ||   102
